Map: Dusk Towers

Players

LiquidBunny (Bunny) - Winner!

  • Race: Terran Terran
  • League: Grandmaster

Harstem

  • Race: Protoss Protoss
  • League: Platinum

Event: Homestory Cup XII

VOD

Have the link to the VOD?

Description

Time

  • Played on: Dec. 18, 2015, 10:17 a.m.
  • Length: 11:09

All games in this series

Show
View Real Time Build Order
Export as new Build Order

LiquidBunny Terran - Winner!

Build Orders: Liberator Opening, MMM Bio 

Get SALT Encoding   

  12  0:00  SCV  
  13  0:13  SCV  
  14  0:17  Supply Depot  
  14  0:25  SCV  
  15  0:38  SCV  
  15  0:40  Barracks  
  16  0:50  SCV  
  17  1:02  SCV  
  18  1:15  SCV  
  18  1:17  Command Center  
  19  1:27  Orbital Command  
  19  1:30  Marine  
  20  1:38  Refinery  
  20  1:42  Refinery  
  20  1:49  Marine  
  20  1:52  SCV  
  22  1:55  Supply Depot  
  22  2:05  SCV  
  23  2:17  SCV  
  24  2:23  Bunker  
  24  2:26  Factory  
  24  2:29  SCV  
  26  2:30  Orbital Command  
  26  2:34  Barracks Reactor  
  25  2:41  SCV  
  25  2:42  Supply Depot  
  26  2:53  SCV  
  26  2:57  SCV  
  28  3:05  SCV  
  28  3:09  SCV  
  28  3:10  Starport  
  28  3:11  Factory Tech Lab, Marine x2  
  32  3:18  SCV  
  33  3:21  SCV  
  34  3:30  SCV, Cyclone  
  34  3:33  SCV  
  39  3:36  Liberator  
  39  3:42  Command Center, SCV, Marine  
  39  3:44  Marine  
  39  3:46  SCV  
  43  3:54  SCV  
  47  3:59  Marine  
  47  4:00  SCV  
  47  4:01  Marine  
  50  4:03  Supply Depot  
  50  4:06  SCV  
  51  4:12  SCV  
  51  4:14  Supply Depot  
  52  4:18  SCV  
  53  4:25  Siege Tank  
  53  4:26  SCV, Barracks  
  53  4:27  Barracks  
  53  4:28  Marine x2  
  59  4:31  SCV  
  59  4:38  SCV  
  61  4:40  Supply Depot, Starport Tech Lab  
  61  4:43  SCV  
  62  4:46  Engineering Bay  
  62  4:48  Engineering Bay  
  62  4:49  Supply Depot  
  62  4:50  SCV, Marine  
  64  4:54  Refinery  
  64  4:57  Orbital Command  
  64  4:59  SCV  
  65  5:02  SCV  
  65  5:06  Refinery  
  66  5:10  Marine  
  66  5:11  SCV  
  68  5:14  SCV  
  68  5:18  Barracks Tech Lab x2  
  68  5:19  Terran Infantry Weapons Level 1, Terran Infantry Armor Level 1  
  69  5:22  Orbital Command  
  69  5:23  SCV, Starport Reactor  
  69  5:24  Marine  
  69  5:27  SCV  
  69  5:28  Marine  
  70  5:35  SCV  
  70  5:39  SCV  
  70  5:40  Stimpack  
  70  5:41  Combat Shields  
  74  5:43  Marauder x2  
  74  5:47  SCV  
  77  5:51  SCV  
  77  5:52  SCV, Marine x2  
  81  6:00  SCV  
  81  6:03  SCV  
  85  6:04  Marauder  
  85  6:05  Marauder  
  85  6:06  Supply Depot  
  85  6:07  Barracks x2, Medivac  
  85  6:08  SCV  
  85  6:10  Medivac  
  92  6:14  Supply Depot, Marine  
  92  6:16  Marine  
  94  6:19  SCV, Refinery  
  94  6:20  SCV  
  94  6:23  Refinery  
  96  6:26  SCV  
  96  6:27  Supply Depot  
  96  6:30  Armory  
  96  6:31  SCV  
  96  6:32  SCV, Marine  
  100  6:36  Supply Depot  
  100  6:39  Supply Depot, Missile Turret, Marine  
  100  6:40  Marine  
  100  6:45  Medivac x2  
  100  6:46  Marine  
  107  6:50  Marine  
  107  6:52  Supply Depot  
  107  6:54  SCV x2, Missile Turret, Marine  
  107  6:56  SCV  
  110  7:01  Marine x2  
  110  7:02  Missile Turret, Marine  
  110  7:03  Concussive Shells  
  110  7:07  Factory Tech Lab  
  113  7:10  Starport  
  113  7:14  SCV  
  113  7:15  Liberator  
  114  7:17  Fusion Core  
  114  7:22  Terran Infantry Weapons Level 2, Terran Infantry Armor Level 2  
  114  7:23  Marine x2  
  114  7:24  Marauder  
  114  7:25  Marine x2  
  114  7:26  Marine  
  114  7:28  Liberator  
  121  7:30  Supply Depot  
  124  7:40  Liberator  
  126  7:52  Supply Depot  
  126  7:53  Command Center, Marine x6  
  126  7:58  Liberator  
  135  8:03  Advanced Ballistics  
  135  8:10  Marine  
  135  8:11  Liberator, Marine x2  
  138  8:14  Marauder, Marine x2  
  145  8:22  Barracks x2  
  145  8:23  Liberator  
  145  8:26  SCV  
  144  8:32  Marine  
  144  8:33  Marine x4  
  152  8:35  Marine  
  156  8:47  Liberator  
  156  8:50  Marine x2  
  156  8:51  Marauder, Marine x2  
  156  8:53  Marine  
  156  8:54  Liberator  
  156  8:55  Supply Depot  
  163  9:06  Liberator  
  163  9:08  Marine x3  
  163  9:09  Marauder  
  171  9:11  Marine  
  178  9:26  Marauder, Marine x2  
  178  9:28  Marine x2  
  178  9:29  Marauder, Marine  
  178  9:30  Marine  
  178  9:31  SCV  
  182  9:43  Marine  
  182  9:44  Marine  
  182  9:46  Marine x2  
  182  9:47  Marine, Marauder  
  182  9:48  Marauder  
  188  10:01  Marine  
  188  10:02  Marine  
  188  10:03  Marine  
  188  10:07  Liberator  
  188  10:19  Marine x2  
  188  10:20  Hellion, Marine  
  188  10:21  Marine  
  188  10:22  Marine, Marauder  
  188  10:26  Marauder, Marine  
  187  10:36  Marine  
  188  10:42  Marine  
  188  10:44  Marauder  
  188  10:45  Marine x3  
  188  10:46  Marauder  
  188  10:47  Marine  
Show
View Real Time Build Order
Export as new Build Order

Harstem Protoss 

Build Orders: 1 Gate Expand 

Get SALT Encoding   

  12  0:01  Probe (Chrono Boost)  
  13  0:11  Probe (Chrono Boost)  
  14  0:18  Pylon  
  14  0:22  Probe (Chrono Boost)  
  15  0:36  Probe (Chrono Boost)  
  15  0:37  Gateway  
  16  0:46  Probe (Chrono Boost)  
  16  0:48  Assimilator  
  18  0:57  Probe (Chrono Boost)  
  18  1:07  Probe (Chrono Boost)  
  19  1:18  Nexus  
  19  1:28  Cybernetics Core  
  19  1:32  Probe (Chrono Boost)  
  20  1:37  Assimilator  
  20  1:42  Probe (Chrono Boost)  
  20  1:46  Pylon  
  21  1:53  Probe (Chrono Boost)  
  22  2:05  Mothership Core (Chrono Boost), Adept (Chrono Boost)  
  26  2:23  Probe (Chrono Boost)  
  26  2:25  Robotics Facility  
  27  2:30  Probe  
  27  2:34  Probe (Chrono Boost)  
  27  2:35  Adept (Chrono Boost)  
  31  2:41  Probe (Chrono Boost)  
  32  2:46  Probe (Chrono Boost)  
  33  2:52  Probe (Chrono Boost)  
  33  2:57  Probe (Chrono Boost)  
  35  3:01  Adept  
  35  3:03  Probe (Chrono Boost)  
  38  3:07  Probe (Chrono Boost)  
  38  3:12  Probe (Chrono Boost)  
  39  3:13  Observer (Chrono Boost)  
  39  3:18  Probe  
  42  3:22  Probe  
  43  3:31  Probe  
  43  3:34  Observer (Chrono Boost)  
  45  3:35  Pylon  
  45  3:38  Probe  
  45  3:40  Nexus  
  46  3:42  Pylon  
  46  3:44  Gateway  
  46  3:51  Pylon  
  46  3:52  Probe  
  46  3:53  Probe  
  46  3:55  Observer (Chrono Boost)  
  49  4:01  Gateway  
  49  4:08  Stargate  
  49  4:11  Probe  
  49  4:12  Probe  
  49  4:14  Assimilator  
  51  4:18  Assimilator  
  51  4:22  Probe  
  51  4:23  Probe, Pylon  
  53  4:24  Twilight Council  
  53  4:25  Warp Gate (Chrono Boost)  
  55  4:33  Probe  
  55  4:35  Probe  
  57  4:42  Stalker  
  57  4:43  Probe  
  57  4:44  Pylon  
  58  4:52  Immortal (Chrono Boost), Phoenix (Chrono Boost)  
  58  4:53  Probe  
  58  4:58  Probe (Chrono Boost)  
  66  5:03  Probe (Chrono Boost)  
  66  5:06  Probe (Chrono Boost)  
  68  5:10  Probe  
  69  5:16  Resonating Glaives (Chrono Boost), Phoenix (Chrono Boost)  
  70  5:29  Probe  
  70  5:31  Probe  
  70  5:34  Probe  
  70  5:35  Gateway  
  72  5:36  Gateway  
  72  5:39  Sentry, Adept  
  72  5:40  Adept, Pylon  
  78  5:46  Probe x2  
  80  5:52  Probe, Phoenix (Chrono Boost)  
  83  5:58  Probe, Pylon  
  83  5:59  Probe, Forge  
  83  6:03  Probe  
  85  6:09  Sentry, Adept  
  85  6:10  Probe  
  91  6:13  Pylon  
  91  6:18  Probe  
  92  6:19  Immortal  
  92  6:20  Forge  
  92  6:22  Pylon  
  96  6:28  Phoenix (Chrono Boost)  
  96  6:32  Probe  
  99  6:34  Assimilator  
  99  6:35  Pylon  
  99  6:37  Probe  
  99  6:38  Protoss Ground Armor Level 1 (Chrono Boost)  
  100  6:41  Gateway  
  100  6:42  Gateway  
  100  6:49  Assimilator  
  100  6:50  Phoenix (Chrono Boost)  
  102  6:56  Sentry, Adept x3  
  102  6:59  Immortal  
  114  7:03  Probe  
  115  7:09  Pylon  
  115  7:10  Adept  
  117  7:17  Protoss Ground Weapons Level 1 (Chrono Boost)  
  117  7:19  Adept x4  
  125  7:25  Probe  
  125  7:27  Pylon, Phoenix  
  128  7:31  Adept  
  130  7:38  Adept x2  
  134  7:46  Adept x2  
  134  7:47  Adept x2  
  140  8:02  Probe x2, Nexus  
  140  8:04  Pylon  
  140  8:05  Templar Archives  
  146  8:13  Warp Prism (Chrono Boost)  
  146  8:17  Protoss Ground Armor Level 2  
  146  8:18  Probe  
  145  8:23  Pylon  
  145  8:25  Assimilator  
  145  8:26  Probe  
  146  8:27  Probe (Chrono Boost), Protoss Air Weapons Level 1  
  146  8:31  Fleet Beacon, Assimilator  
  146  8:32  Psionic Storm, Stargate  
  147  8:35  Adept x2  
  147  8:37  Adept  
  147  8:38  Probe (Chrono Boost)  
  154  8:45  High Templar  
  154  8:48  Probe  
  157  8:53  Probe  
  157  8:55  Probe  
  158  9:00  Oracle  
  158  9:01  Probe  
  163  9:06  Probe  
  163  9:07  Pylon  
  163  9:08  Adept x2  
  163  9:09  High Templar  
  170  9:17  Adept x2  
  170  9:18  Adept x2  
  178  9:27  Tempest (Chrono Boost)  
  178  9:30  Adept x2  
  180  9:39  Adept x4  
  184  9:52  Adept x3  
  190  9:56  High Templar x2  
  186  10:08  Tempest (Chrono Boost)  
  186  10:09  Stargate  
  186  10:11  Stalker  
  186  10:12  Pylon  
  149  10:29  Adept x6  
Tags
 
Add a new tag
Caveats
  • Supply blocks, unpowered buildings, or Contaminate may cause inaccurate times.
  • Supply counts are checked every 10 seconds.